 Dungeon Crawl Stone Soup version 0.27-a0-1278-g6cbc8df (webtiles) character file.

Game seed: 6546435377330148045

576 bonscott the Grave Robber (level 7, -6/52 HPs)
             Began as a Vampire Necromancer on June 12, 2021.
             Was a Priest of Jiyva.
             Mangled by a hornet (16 damage)
             ... on level 7 of the Dungeon.
             The game lasted 00:25:16 (6507 turns).

bonscott the Grave Robber (Vampire Necromancer)     Turns: 6507, Time: 00:25:18

Health: -6/52      AC:  3    Str:  6 (9)  XL:     7   Next: 12%
Magic:  4/13       EV: 12    Int: 15 (18) God:    Jiyva [***...]
Gold:   234        SH:  0    Dex: 13 (14) Spells: 10/14 levels left

rFire    . . .     SeeInvis +   u - +0 great sword
rCold    . . .     Faith    .   (shield currently unavailable)
rNeg     . . .     Spirit   .   a - +0 robe
rPois    .         Reflect  .   (no helmet)
rElec    .         Harm     .   (no cloak)
rCorr    +         Rampage  .   (no gloves)
Will     .....                  t - +0 pair of boots
Stlth    ++........             (no amulet)
HPRegen  0.37/turn              (no ring)
MPRegen  0.13/turn              (no ring)

@: lethally poisoned (-6 -> -28), very slightly contaminated, healing quickly,
slowed, very slow
A: alive, fangs 3, see invisible, vampiric 2
a: Exsanguinate, Renounce Religion, Request Jelly


You were on level 7 of the Dungeon.
You worshipped Jiyva.
Jiyva was most pleased with you.
You visited 2 branches of the dungeon, and saw 8 of its levels.

You collected 234 gold pieces.

Inventory:

Hand Weapons
 d - a +0 hand axe
 e - a +0 short sword
 j - a +0 whip of electrocution
 n - a +0 vampiric dagger
 o - a +1 dagger of draining
 p - a +0 quarterstaff of speed
 u - a +0 great sword (weapon)
Missiles
 f - 67 arrows
 g - 2 curare-tipped darts
 v - 10 poisoned darts
 F - 10 stones
Armour
 a - a +0 robe (worn)
 k - a +0 leather armour
 q - a +0 ring mail
 t - a +0 pair of boots (worn)
Wands
 b - a wand of flame (23)
Scrolls
 c - a scroll of torment
 h - a scroll of summoning {unknown}
 i - a scroll of enchant weapon {unknown}
 l - a scroll of silence {unknown}
 r - a scroll of enchant armour {unknown}
 s - 2 scrolls of teleportation
Potions
 m - a potion of invisibility {unknown}


   Skills:
 + Level 3.2 Fighting
 + Level 2.9 Armour
 - Level 2.1 Dodging
 - Level 3.0 Stealth
 - Level 4.0 Spellcasting
 - Level 6.0 Necromancy


You had 10 spell levels left.
You knew the following spells:

 Your Spells              Type           Power      Damage    Failure   Level
i - Pain                  Necr           84%        1d8       1%          1
m - Vampiric Draining     Necr           10%        2d7       4%          3

Your spell library contained the following spells:

 Spells                   Type           Power      Damage    Failure   Level
 Animate Skeleton         Necr           42%        N/A       1%          1
 Animate Dead             Necr           10%        N/A       16%         4
 Magic Dart               Conj           12%        1d3       19%         1
 Searing Ray              Conj           6%         3d3       26%         2
 Agony                    Necr           21%        N/A       38%         5
 Dazzling Flash           Conj/Hex       6%         N/A       47%         3
 Fulminant Prism          Conj/Hex       1%         3d6       87%         4
 Iskenderun's Mystic Bla  Conj/Tloc      3%         2d3       87%         4


Dungeon Overview and Level Annotations

Branches:
Dungeon (7/15)             Temple (1/1) D:6

Altars:
Ashenzari
Dithmenos
Elyvilon
Fedhas
Hepliaklqana
Kikubaaqudgha
Makhleb
Qazlal
Ru
Trog
Uskayaw
Vehumet
Wu Jian
Xom
Yredelemnul
Zin
Jiyva

Shops:
D:2 *   D:7 (


Innate Abilities, Weirdness & Mutations

Your natural rate of healing is accelerated.
You have razor-sharp teeth.
You have supernaturally acute eyesight. (SInv)
You are afflicted with vampirism and can become a bat while bloodless.


Message History

Aim: a hornet (42% to hit)
You throw a poisoned dart.
The poisoned dart barely misses the hornet.
Casting: Pain (safe; 1% risk of failure)
Confirm with . or Enter, or press ? or * to list all spells.
Aiming: Vampiric Draining (dangerous; 4% risk of failure)
Press: ? - help, Shift-Dir - straight line, f/p - hornet
Aim: a hornet You draw life force from the hornet.
The hornet stings you!
You are poisoned.
You feel yourself slow down.
Casting: Vampiric Draining (dangerous; 4% risk of failure)
Confirm with . or Enter, or press ? or * to list all spells.
Aiming: Vampiric Draining (dangerous; 4% risk of failure)
Press: ? - help, Shift-Dir - straight line, f/p - hornet
Aim: a hornet (lightly wounded)
You miscast Vampiric Draining.
You are very lightly contaminated with residual magic.
Nothing appears to happen.
You feel very sick. The hornet barely misses you.
You riposte.
You slash the hornet!
The hornet is heavily wounded.
The hornet stings you!
You feel as though you will be slow longer.
Casting: Vampiric Draining (dangerous; 4% risk of failure)
Confirm with . or Enter, or press ? or * to list all spells.
Aiming: Vampiric Draining (dangerous; 4% risk of failure)
Press: ? - help, Shift-Dir - straight line, f/p - hornet
Aim: a hornet (heavily wounded)
You draw life force from the hornet.
You feel life coursing into your body.
You feel very sick. The hornet stings you!
You are more poisoned.
You feel as though you will be slow longer.
The hornet stings you!
* * * LOW HITPOINT WARNING * * *
You are more poisoned.
You feel as though you will be slow longer.
The hornet stings you!
You die...

.####..#....##..########...
.........######..##### ####
#######<.### ##.....##
#....## #####..## #.##..##
##..### #.###†.# ##...##
#..###.# ###... ##..##.#
#### ##.@y.# #. ####.# ##.
#...#. ###.. #...(... #...#
##....(...##...#
.............#
.......###...# .......
#...# ###$... #...#


You could see a hornet.

Vanquished Creatures
  2 water moccasins (D:6)
  2 water moccasin skeletons
  A bullfrog skeleton (D:4)
  4 iguanas
  Jessica (D:3)
  6 gnolls
  6 adders
  A dart slug (D:3)
  5 orcs
  An endoplasm (D:1)
  2 giant cockroaches
  2 goblins (D:3)
  2 hobgoblins
  6 kobolds
  A quokka (D:1)
  7 ball pythons
  A bat (D:1)
  A frilled lizard (D:2)
  8 rats
59 creatures vanquished.

Vanquished Creatures (others)
  Grinder (D:3)
  Menkaure (D:6)
  A necrophage (D:5)
  An ogre (D:5)
  A centaur (D:7)
  A phantom (D:5)
  A kobold brigand (D:6)
  2 scorpions (D:5)
  9 jellies
  A gnoll shaman (D:6)
  A hound (D:5)
  An iguana (D:5)
  3 orc wizards
  A killer bee zombie (D:3)
  A hound skeleton (D:4)
  A gnoll (D:6)
  A howler monkey skeleton (D:6)
  5 adders
  A worm (D:2)
  2 dart slugs
  3 endoplasms
  6 orcs
  A giant cockroach (D:3)
  2 goblins (D:4)
  4 hobgoblins
  3 jackals (D:2)
  6 kobolds
  A frilled lizard (D:3)
  13 plants (D:5)
75 creatures vanquished.

Grand Total: 134 creatures vanquished

Notes
Turn   | Place    | Note
-------+----------+-------------------------------------------
     0 | D:1      | bonscott the Vampire Necromancer began the quest for the
                  | Orb.
     0 | D:1      | Reached XP level 1. HP: 13/13 MP: 3/3
   282 | D:1      | Found a faded altar of an unknown god.
   320 | D:1      | Reached XP level 2. HP: 18/19 MP: 3/5
   353 | D:1      | Became a worshipper of Jiyva Jeggoak the Shapeless
   353 | D:1      | Reached * piety under Jiyva
  1017 | D:2      | Reached skill level 5 in Necromancy
  1017 | D:2      | Gained mutation: You are afflicted with vampirism and can
                  | become a bat while bloodless. [Vampire growth]
  1017 | D:2      | Reached XP level 3. HP: 22/24 MP: 4/7
  1134 | D:2      | Found Dieze's General Store.
  1700 | D:3      | HP: 1/24 [gnoll (10)]
  1805 | D:3      | Reached XP level 4. HP: 9/30 MP: 1/8
  1879 | D:3      | Reached ** piety under Jiyva
  2002 | D:3      | Found a stormy altar of Qazlal.
  2046 | D:3      | Noticed Grinder
  2060 | D:3      | Paralysed by Grinder for 4 turns
  2071 | D:3      | Paralysed by Grinder for 4 turns
  2083 | D:3      | Paralysed by Grinder for 3 turns
  2157 | D:3      | Killed Grinder
  2252 | D:3      | Found a sacrificial altar of Ru.
  2254 | D:3      | Found a basalt altar of Yredelemnul.
  2440 | D:3      | Noticed Jessica
  2447 | D:3      | Killed Jessica
  3056 | D:4      | Reached XP level 5. HP: 7/35 MP: 6/10
  3314 | D:4      | Reached skill level 6 in Necromancy
  3533 | D:4      | Found a burning altar of Makhleb.
  3928 | D:4      | Reached skill level 1 in Fighting
  3928 | D:4      | Reached skill level 1 in Armour
  3973 | D:4      | Learned a level 3 spell: Vampiric Draining
  4123 | D:5      | Entered Level 5 of the Dungeon
  4123 | D:5      | Noticed an ogre
  4163 | D:5      | Noticed a necrophage
  4213 | D:5      | Found a hazy altar of Hepliaklqana.
  4327 | D:4      | Reached XP level 6. HP: 19/43 MP: 8/12
  5599 | D:6      | Found an ornate altar of the Wu Jian Council.
  5731 | D:6      | Noticed a water moccasin
  5731 | D:6      | Noticed a water moccasin
  5756 | D:6      | Killed a water moccasin
  5757 | D:6      | Reached XP level 7. HP: 44/52 MP: 0/13
  5787 | D:6      | HP: 2/52 [water moccasin (7)]
  5952 | D:6      | Killed Menkaure
  5991 | D:6      | Found a staircase to the Ecumenical Temple.
  5997 | Temple   | Entered the Ecumenical Temple
  6044 | D:6      | Reached *** piety under Jiyva
  6287 | D:7      | Found Nel Jupihu's Antique Weapon Shop.
  6378 | D:7      | Noticed a hornet
  6460 | D:7      | Found an ancient bone altar of Kikubaaqudgha.
  6507 | D:7      | Mangled by a hornet

Illustrated notes

Levels and vault maps discovered:
D:1:      dpeg_arrival_orchard, layout_basic, chequers_ecumenical_altar_island
D:2:      layout_loops_cross, serial_shops, shop, hangedman_glass_teeth
D:3:      layout_basic, lemuel_doored_altar, overflow_temple_1_default,
          jmf_multi_god_temple, serial_curves, eino_curves_02, eino_curves_02,
          minmay_box_of_dots, uniq_jessica, uniq_grinder
D:4:      layout_basic, nicolae_overflow_crystal_walls
D:5:      layout_basic, nicolae_hepliaklqana_hazy_memory
D:6:      layout_basic, kennysheep_mini, minmay_temple_entry_hall, uniq_menkaure
D:7:      layout_rooms, tgw_kikubaaqudgha, serial_shops, nicolae_shop_waterfront
Temple:   eino_narrow_crystal_temple

Skill      XL: |  1  2  3  4  5  6 |
---------------+-------------------+-----
Necromancy     | 5 6 |  6.0
Spellcasting   | 3 4 |  4.0
Fighting       | 1 3 |  3.2
Armour         | 1 2 |  2.9
Dodging        | |  2.1
Stealth        | |  3.0

Action                   |  1- 3 |  4- 6 |  7- 9 || total
-------------------------+-------+-------+-------++-------
Melee: Dagger            |     5 |   100 |       ||   105
       Bite              |     1 |     9 |       ||    10
Throw: Stone             |       |     9 |       ||     9
       Dart              |       |       |     2 ||     2
 Cast: Pain              |    55 |    55 |     5 ||   115
       Vampiric Draining |       |     5 |     3 ||     8
Invok: Request Jelly     |       |     3 |     1 ||     4
  Use: Potion            |       |     4 |     3 ||     7
       Scroll            |       |       |     2 ||     2
 Stab: Distracted        |       |     1 |       ||     1
       Sleeping          |       |     1 |       ||     1
Armor: Robe              |     1 |    27 |     2 ||    30
Dodge: Dodged            |     5 |    93 |     8 ||   106
       Rpst.: Great sword |       |       |     1 ||     1

Table legend: (Time is in decaauts)
 A = Elapsed time spent in this place.
 B = Non-inter-level travel time spent in this place.
 C = Inter-level travel time spent in this place.
 D = Time resting spent in this place.
 E = Time spent auto-exploring this place.
 F = Levels seen in this place.
 G = Mean time per level.
                   A        B        C        D        E       F      G
               +--------+--------+--------+--------+--------+-----+--------+
         Total |   6515 |   6107 |    408 |    978 |   3145 |   8 |  814.4 |
       Dungeon |   6513 |   6105 |    408 |    978 |   3145 |   7 |  930.4 |
        Temple |      1 |      1 |      0 |      0 |      0 |   1 |    1.0 |
               +--------+--------+--------+--------+--------+-----+--------+

Top non-repeatable levels by time:
     D:3: 1496 daAuts
     D:4: 1332 daAuts
     D:5: 1014 daAuts
     D:2: 900 daAuts
     D:6: 887 daAuts
     D:1: 581 daAuts
     D:7: 300 daAuts
  Temple: 1 daAuts
